 Dungeon Crawl Stone Soup version 0.29.1-1-gd02db6906a (webtiles) character file.

Game seed: 14553347384423974451

142 diana the Insei (level 5, -1/36 HPs)
             Began as an Octopode Transmuter on Sept 18, 2022.
             Slain by Pikel
             ... wielding a +2 whip of flaming
              (4 damage)
             ... on level 4 of the Dungeon.
             The game lasted 00:05:44 (4541 turns).

diana the Insei (Octopode Transmuter)               Turns: 4541, Time: 00:05:45

Health: -1/36      AC:  2    Str:  9    XL:     5   Next: 24%
Magic:  5/8        EV: 20    Int: 17    God:
Gold:   267        SH:  0    Dex: 18    Spells: 1/9 levels left

rFire   . . .      SeeInvis .     - Unarmed
rCold   . . .      Faith    .   (shield currently unavailable)
rNeg    . . .      Spirit   .   (helmet currently unavailable)
rPois   x          Reflect  .   (no amulet)
rElec   .          Harm     .   p - ring of wizardry
rCorr   .          Rampage  .   r - ring of willpower
Will    +....                   (no ring)
Stlth   ++........              (no ring)
HPRegen 0.12/turn               (no ring)
MPRegen 0.11/turn               (no ring)
                                (no ring)
                                (no ring)

@: spider-form (expiring)
A: venomous fangs, almost no armour, (amphibious), 8 rings, tiny, (camouflage
1), (gelatinous body 1), (nimble swimmer 1), (tentacles)
a: End Transformation


You were on level 4 of the Dungeon.
You were a venomous arachnid creature.
You visited 1 branch of the dungeon, and saw 4 of its levels.

You collected 267 gold pieces.

Inventory:

Jewellery
 p - a ring of wizardry (left front leg)
 r - a ring of willpower (right front leg)
Scrolls
 d - 4 scrolls of identify {unknown}
 g - 2 scrolls of enchant weapon {unknown}
 h - 2 scrolls of enchant armour {unknown}
 i - 3 scrolls of magic mapping {unknown}
 j - a scroll of fear {unknown}
 k - a scroll of teleportation {unknown}
 l - 4 scrolls of blinking {unknown}
 n - a scroll of silence {unknown}
 o - a scroll of poison {unknown}
 q - a scroll of torment {unknown}
Potions
 a - a potion of lignification
 b - 2 potions of brilliance {unknown}
 c - a potion of flight {unknown}
 e - 3 potions of curing {unknown}
 f - a potion of magic {unknown}
 m - 2 potions of ambrosia {unknown}
 s - 2 potions of might {unknown}


   Skills:
 * Level 2.8 Fighting
 + Level 2.8 Dodging
 + Level 3.5 Unarmed Combat
 + Level 2.6 Spellcasting
 + Level 2.7 Transmutations


You had one spell level left.
You knew the following spells:

 Your Spells              Type           Power      Damage    Failure   Level
a - Beastly Appendage     Tmut           22%        N/A       7%          1
b - Wereblood             Tmut           11%        N/A       9%          2
c - Spider Form           Tmut/Pois      6%         N/A       24%         3
d - Static Discharge      Conj/Air       2%         3-4/arc   22%         2

Your spell library contained the following spells:

 Spells                   Type           Power      Damage    Failure   Level
 Ice Form                 Ice/Tmut       6%         N/A       54%         4
 Lightning Bolt           Conj/Air       1%         1d12      95%         5
 Maxwell's Capacitive Co  Air            1%         ∞         100%        8


Dungeon Overview and Level Annotations

Branches:
Dungeon (4/15)
 Temple: D:4-7

Altars:

Annotations:
D:4 Pikel


Innate Abilities, Weirdness & Mutations

You are a venomous arachnid creature.
You have poisonous fangs.
You are tiny and dextrous.
Your spellcasting is less reliable in this form.
Your armour is entirely melded.
You are incapable of wielding weapons or throwing items.
You cannot wear most types of armour.
((You are amphibious.))
You can wear up to eight rings at the same time.
((Your skin changes colour to match your surroundings (Stealth+).))
((Your rubbery body absorbs attacks. (AC +1, EV +1)))
((You are camouflaged when in or above water. (Stealth+)))
((You have tentacles for arms and can constrict up to eight enemies at once.))


Message History

You howl as the wereblood boils in your veins!
You howl as the wereblood boils in your veins!
Your primal bloodlust has ended.
There is a stone staircase leading down here.
There is an open door here.
You open the door.
There is an open door here.
There is an open door here.
Pikel shouts!
You hear a shout! x2
There is a stone staircase leading up here.
You climb upwards.
There is a stone staircase leading down here.
Okay, then.
You start waiting.
Done waiting.
Casting: Beastly Appendage (safe; 2% risk of failure)
Confirm with . or Enter, or press ? or * to list all spells.
The spell is quite dangerous to miscast (12% risk of failure)!
Continue anyway?
You turn into a venomous arachnid creature.
Unknown command.
You climb downwards.
Level annotation: Pikel The lemure hits you!
Pikel hits you with a +2 whip of flaming!
Pikel burns you.
There is a stone staircase leading up here.
The ball python hisses angrily.
You hit Pikel.
Pikel is poisoned.
Pikel is lightly wounded.
Your transformation is almost over.
The lemure hits you.
An ogre comes into view. It is wielding a +0 giant spiked club.
Pikel closely misses you.
You closely miss Pikel.
Pikel is lightly wounded.
The lemure hits you!
Pikel hits you with a +2 whip of flaming!
* * * LOW HITPOINT WARNING * * *
Pikel burns you.
You die...

#........#.....#
'........#.....#
#........#.....#
#........#.....#
#........'.....# 5.
###.....##.....#########'##
######'##...........S.O....
........#......K5..........
........#..(....s..........
........#..................
........#..................
###.....#..................
.##.....#.........#######..
.#......#.........#
.#......#.........#
.#......#.........#
.#......#.........#


You could see Pikel (very poisoned), an ogre (wandering), a lemure and a ball
python.

Vanquished Creatures
  An iguana (D:4)
  3 adders
  3 worms
  2 dart slugs
  An orc (D:3)
  7 bats
  5 endoplasms
  A giant cockroach (D:1)
  8 goblins
  3 hobgoblins
  15 jackals
  4 quokkas
  6 ball pythons
  7 kobolds
  2 rats
68 creatures vanquished.

Notes
Turn   | Place    | Note
-------+----------+-------------------------------------------
     0 | D:1      | diana the Octopode Transmuter began the quest for the Orb.
     0 | D:1      | Reached XP level 1. HP: 13/13 MP: 3/3
    53 | D:1      | Found a faded altar of an unknown god.
   214 | D:1      | Reached XP level 2. HP: 16/18 MP: 3/5
  1397 | D:2      | Reached XP level 3. HP: 24/24 MP: 6/6
  1762 | D:1      | Learned a level 2 spell: Wereblood
  1981 | D:2      | Reached XP level 4. HP: 25/29 MP: 5/7
  3647 | D:4      | HP: 1/30 [iguana (4)]
  3649 | D:4      | Reached XP level 5. HP: 1/35 MP: 6/8
  4100 | D:4      | Noticed a lemure
  4100 | D:4      | Noticed Pikel
  4100 | D:4      | Noticed a lemure
  4105 | D:4      | Noticed a lemure
  4141 | D:3      | Learned a level 3 spell: Spider Form
  4192 | D:3      | Learned a level 2 spell: Static Discharge
  4195 | D:4      | Noticed a lemure
  4540 | D:4      | Noticed an ogre
  4541 | D:4      | Slain by Pikel

Illustrated notes

Levels and vault maps discovered:
D:1:      dpeg_arrival_another_circle, layout_basic,
          ebering_ecumenical_altar_webs, kennysheep_flooded_box, minivault_27,
          chequers_serial_rivers_marsh, minmay_tiny_reverse_x
D:2:      layout_basic, hangedman_glass_garden
D:3:      layout_basic, serial_park_tiny_pond
D:4:      minmay_spotlight, layout_gridville, minivault_1, uniq_pikel

Skill      XL: |  1  2  3 |
---------------+----------+-----
Fighting       | 2 |  2.8
Dodging        | |  2.8
Unarmed Combat | |  3.5
Spellcasting   | |  2.6
Transmutations | |  2.7

Action                   |  1- 3 |  4- 6 || total
-------------------------+-------+-------++-------
Melee: Unarmed           |    61 |    81 ||   142
       Tentacles         |    10 |    11 ||    21
       Constrict         |    17 |    23 ||    40
       Kick              |    11 |    35 ||    46
       Punch             |     1 |     3 ||     4
 Cast: Beastly Appendage |    19 |    25 ||    44
       Static Discharge  |       |     2 ||     2
       Wereblood         |       |     2 ||     2
       Spider Form       |       |     1 ||     1
 Stab: Sleeping          |     3 |     8 ||    11
Armor: Skin              |     5 |     7 ||    12
Dodge: Dodged            |    51 |    53 ||   104
